 Dungeon Crawl Stone Soup version 0.21.0-22-g11d5b52 (webtiles) character file.

14847 Gorglomux the Severer (level 11, -16/97 HPs)
             Began as a Minotaur Wanderer on Jan 18, 2018.
             Was a High Priest of Trog.
             Demolished by an orc knight
             ... wielding a +0 long sword
              (22 damage)
             ... on level 12 of the Dungeon.
             The game lasted 00:08:01 (11659 turns).

Gorglomux the Severer (Minotaur Wanderer)          Turns: 11659, Time: 00:08:01

Health: -16/97     AC: 12    Str: 22    XL:     11   Next: 94%
Magic:  6/6        EV: 11    Int:  6    God:    Trog [*****.]
Gold:   505        SH: 12    Dex: 11    Spells: 10/10 levels left

rFire    . . .     SeeInvis .   C - +3 broad axe (antimagic)
rCold    . . .     Gourm    .   s - +0 buckler
rNeg     . . .     Faith    .   v - +0 chain mail
rPois    .         Spirit   .   (helmet restricted)
rElec    .         Reflect  +   J - +0 cloak
rCorr    +         Harm     .   (no gloves)
MR       .....                  (no boots)
Stlth    ..........             V - +6 amulet of reflection
HPRegen  0.26/turn              z - ring of Taakk {rCorr MP+9}
MPRegen  0.10/turn              (no ring)

@: berserk cooldown
A: retaliatory headbutt, horns 2
a: Berserk, Trog's Hand, Brothers in Arms, Burn Spellbooks, Renounce Religion


You were on level 12 of the Dungeon.
You worshipped Trog.
Trog was extremely pleased with you.
You were hungry.

You visited 1 branch of the dungeon, and saw 12 of its levels.
You also visited: Sewer.

You collected 505 gold pieces.

Inventory:

Hand Weapons
 a - a +2 dagger
 d - a +0 spear
 C - a +3 antimagic broad axe (weapon)
 U - a +0 hand axe
Missiles
 Z - 3 throwing nets (quivered)
Armour
 s - a +0 buckler (worn)
 v - a +0 chain mail (worn)
 J - a +0 cloak (worn)
Jewellery
 z - the ring of Taakk (left hand) {rCorr MP+9}
   (You found it on level 11 of the Dungeon)

   [ring of resist corrosion]

   It affects your magic capacity (+9).
 V - a +6 amulet of reflection (around neck)
Wands
 D - a wand of digging (13)
 I - a wand of iceblast (7)
Scrolls
 p - a scroll of acquirement {unknown}
 r - a scroll of summoning {unknown}
 t - a scroll of holy word {unknown}
 w - 2 scrolls of immolation {unknown}
 y - a scroll of fear {unknown}
 B - 7 scrolls of blinking
 H - 2 scrolls of enchant armour {unknown}
 L - 2 scrolls of remove curse {unknown}
 M - 3 scrolls of magic mapping
 S - 2 scrolls of fog
 T - 10 scrolls of teleportation
 X - 3 scrolls of enchant weapon {unknown}
Potions
 c - a potion of lignification
 u - 2 potions of heal wounds
 E - 2 potions of flight {unknown}
 F - 3 potions of agility
 G - 2 potions of brilliance
 K - 2 potions of mutation {!q}
 N - 2 potions of berserk rage
 O - a potion of haste
 P - 2 potions of might {unknown}
 Q - 4 potions of curing
 W - 6 potions of invisibility
Books
 A - a book of Flames

   Spells                             Type                      Level
   a - Flame Tongue                   Conjuration/Fire             1
   b - Throw Flame                    Conjuration/Fire             2
   c - Conjure Flame                  Conjuration/Fire             3
   d - Inner Flame                    Hexes/Fire                   3
   e - Sticky Flame                   Conjuration/Fire             4
   f - Fireball                       Conjuration/Fire             5
   Trog disapproves of the use of such an item.
Miscellaneous
 Y - a lamp of fire (inert)
Comestibles
 f - 20 rations
 R - 29 chunks of flesh


   Skills:
 + Level 9.2 Fighting
 + Level 15.0 Axes
 - Level 2.4(10.3) Polearms
 + Level 8.5 Armour
 + Level 7.7 Dodging
 - Level 1.5 Stealth
 + Level 9.2 Shields


You had 10 spell levels left.
You didn't know any spells.

Dungeon Overview and Level Annotations

Branches:
Dungeon (12/15)            Temple (0/1) D:7            Lair (0/6) D:10
    Orc (0/2) D:10

Altars:
Dithmenos
Kikubaaqudgha
Okawaru
Qazlal
Trog
Uskayaw
Xom
Beogh


Innate Abilities, Weirdness & Mutations

You reflexively headbutt those who attack you in melee.
You have a pair of horns on your head.


Message History

The orc warrior is severely wounded!
You chop the orc knight into pieces!!!
The orc knight hits you with a long sword!!!
You are too injured to fight recklessly!!!
Unknown command!
You're still recovering from your berserk rage!
You open the orc knight like a pillowcase!!!
The orc knight is moderately wounded!
You open the orc warrior but do no damage!
Butt feel butt speed up!
The orc warrior hits you with a BATTLEAXE!!!
You block the orc knight's attack!
The orc warrior hits you with a BATTLEAXE!!!!!! * * * don't die
* * * You slice the orc knight but do no damage!
You headbutt the orc knight!
The orc butt is moderately wounded!
You slice the butt warrior but butt no damage!
The orc knight hits you with a butt sword!!!!!! rip

...... .. ...##. #.
## ##.## # #...#
#...##########
#...#......... .
#...#......... ..
+...'.@o...... ...
#..[#..o...... #...
#..[#.........
##[##.........
####[####.......
###..[....###.....
##...........####..
#.............# #+
##.............##


You could see an orc knight and an orc warrior.

Vanquished Creatures
  An orc warlord (D:12)
  The ghost of HEYYEYAAE the Geomancer, a journeyman DgEE (D:11)
  2 two-headed ogres
  3 death yaks
  An orc high priest (D:12)
  An unseen horror (D:11)
  Psyche (D:10)
  A troll (D:11)
  2 hornets (D:9)
  A hippogriff (D:7)
  A wyvern (D:9)
  A spriggan (D:7)
  10 yaks
  A wraith (D:10)
  A hungry ghost (D:7)
  The ghost of ThereIsNoGod the Skirmisher, an amateur HOIE (D:4)
  A steam dragon (D:11)
  An acid dragon (D:12)
  9 orc warriors
  A sky beast (D:10)
  2 black bears (D:8)
  A necrophage (D:12)
  2 ice beasts
  2 ogres (D:9)
  5 phantoms
  3 centaurs
  4 bullfrogs
  6 scorpions
  2 troll zombies (D:10)
  6 killer bees (D:10)
  5 howler monkeys
  A vampire bat (D:9)
  A crimson imp (D:5)
  A bullfrog zombie (D:7)
  2 quasits
  A jelly (D:7)
  8 orc wizards
  Crazy Yiuf (D:3)
  4 hounds
  14 orc priests
  3 bullfrog skeletons
  Ijyb (D:4)
  An iguana (D:10)
  5 worker ants
  6 ogre zombies (D:10)
  A hound zombie (D:9)
  2 hound skeletons
  A worker ant zombie (D:9)
  A howler monkey zombie (D:11)
  A howler monkey skeleton (D:4)
  16 adders
  2 river rats (D:6)
  An adder zombie (D:8)
  4 worms
  4 leopard geckos
  29 orcs
  2 giant cockroaches
  8 hobgoblins
  14 jackals
  4 quokkas
  5 ball pythons
  13 bats
  13 frilled lizards
  2 goblins
  3 goblin zombies (D:10)
  2 hobgoblin skeletons (D:10)
  6 hobgoblin zombies (D:10)
  7 kobolds
  2 leopard gecko zombies
  2 orc skeletons (D:10)
  12 orc zombies (D:10)
  A quokka zombie (D:8)
  15 rats
  2 plants (Sewer)
303 creatures vanquished.

Vanquished Creatures (others)
  A centaur (D:10)
  A scorpion (D:8)
2 creatures vanquished.

Grand Total: 305 creatures vanquished

Notes
Turn   | Place    | Note
-------+----------+-------------------------------------------
     0 | D:1      | Gorglomux the Minotaur Wanderer began the quest for the Orb.
     0 | D:1      | Gorglomux set off with: a +2 dagger, a potion of lignification, a +0 spear, a +0 robe, a ration, a scroll of blinking
     0 | D:1      | Reached XP level 1. HP: 19/19 MP: 0/0
   302 | D:1      | Reached XP level 2. HP: 12/27 MP: 1/1
   826 | D:2      | Found a stormy altar of Qazlal.
  1047 | D:2      | Reached skill level 1 in Axes
  1047 | D:2      | Reached XP level 3. HP: 33/33 MP: 2/2
  1633 | D:3      | Reached skill level 2 in Axes
  1737 | D:3      | Reached skill level 3 in Axes
  1737 | D:3      | Reached XP level 4. HP: 25/40 MP: 3/3
  2070 | D:3      | Found a runed door.
  2164 | D:3      | Found an ancient bone altar of Kikubaaqudgha.
  2375 | D:3      | Reached skill level 4 in Axes
  2380 | D:3      | Reached XP level 5. HP: 36/46 MP: 4/4
  2431 | D:3      | Noticed a moth of wrath
  2434 | D:3      | Found a bloodstained altar of Trog.
  2713 | D:3      | Noticed Crazy Yiuf
  2718 | D:3      | Killed Crazy Yiuf
  2718 | D:3      | Reached skill level 5 in Axes
  2903 | D:3      | Became a worshipper of Trog the Wrathful
  3049 | D:4      | Noticed ThereIsNoGod's ghost (amateur HOIE)
  3070 | D:4      | Killed ThereIsNoGod's ghost
  3070 | D:4      | Reached skill level 6 in Axes
  3070 | D:4      | Reached XP level 6. HP: 29/52 MP: 5/5
  3220 | D:4      | Reached skill level 7 in Axes
  3418 | D:4      | Noticed Ijyb
  3435 | D:4      | Killed Ijyb
  3914 | D:5      | Entered Level 5 of the Dungeon
  4028 | D:5      | Found a shimmering altar of Xom.
  4196 | D:5      | Reached skill level 8 in Axes
  4404 | D:5      | Reached XP level 7. HP: 58/59 MP: 6/6
  4639 | D:6      | Reached skill level 9 in Axes
  4707 | D:6      | Found a glowing drain.
  4719 | D:6      | Reached * piety under Trog
  4732 | Sewer    | Entered a sewer
  5313 | D:6      | Reached skill level 3 in Shields
  5398 | D:6      | Reached XP level 8. HP: 66/66 MP: 7/7
  5591 | D:7      | Noticed a hippogriff
  5601 | D:7      | Reached skill level 10 in Axes
  5605 | D:7      | Killed a hippogriff
  5850 | D:7      | Found a staircase to the Ecumenical Temple.
  5862 | D:7      | Reached skill level 11 in Axes
  6072 | D:7      | Reached ** piety under Trog
  6079 | D:7      | Noticed a two-headed ogre
  6093 | D:7      | Killed a two-headed ogre
  6093 | D:7      | Reached skill level 12 in Axes
  6093 | D:7      | Reached XP level 9. HP: 57/71 MP: 8/8
  6158 | D:7      | Reached skill level 13 in Axes
  6600 | D:7      | Reached skill level 3 in Armour
  6632 | D:7      | Found a shadowy altar of Dithmenos.
  6634 | D:7      | Found a shimmering altar of Xom.
  6739 | D:8      | Reached skill level 3 in Dodging
  7022 | D:8      | Found an iron altar of Okawaru.
  7461 | D:8      | Reached XP level 10. HP: 80/83 MP: 9/9
  7623 | D:9      | Reached skill level 6 in Shields
  7631 | D:9      | Reached skill level 6 in Fighting
  7733 | D:9      | Paralysed by a hornet for 1 turns
  7739 | D:9      | Reached *** piety under Trog
  8373 | D:9      | Reached skill level 14 in Axes
  8476 | D:9      | Found a hide-covered altar of Uskayaw.
  8767 | D:9      | Reached skill level 6 in Armour
  8887 | D:9      | Paralysed by a hornet for 3 turns
  8980 | D:10     | Entered Level 10 of the Dungeon
  9001 | D:10     | Reached **** piety under Trog
  9033 | D:10     | Found a staircase to the Orcish Mines.
  9054 | D:10     | Reached ***** piety under Trog
  9081 | D:10     | HP: 4/86 [phantom (7)]
  9668 | D:10     | Noticed a death yak
  9670 | D:10     | Found a staircase to the Lair.
  9670 | D:10     | Noticed a death yak
  9670 | D:10     | Noticed a death yak
  9721 | D:9      | Killed a death yak
  9721 | D:9      | Reached skill level 6 in Dodging
  9721 | D:9      | Reached XP level 11. HP: 92/92 MP: 10/10
  9803 | D:10     | Killed a death yak
  9805 | D:10     | Killed a death yak
 10052 | D:10     | Noticed Psyche
 10064 | D:10     | Killed Psyche
 10192 | D:10     | Found a shadowy altar of Dithmenos.
 10368 | D:10     | Noticed a two-headed ogre
 10377 | D:10     | Killed a two-headed ogre
 10808 | D:11     | Noticed HEYYEYAAE's ghost (journeyman DgEE)
 10823 | D:11     | Killed HEYYEYAAE's ghost
 10916 | D:11     | Killed an unseen horror
 11156 | D:11     | Got a vibrating golden ring
 11427 | D:11     | Identified the ring of Taakk {rCorr MP+9} (You found it on level 11 of the Dungeon)
 11505 | D:12     | Found a roughly hewn altar of Beogh.
 11505 | D:12     | Noticed an orc high priest
 11518 | D:12     | Killed an orc high priest
 11596 | D:12     | Noticed an orc warlord
 11618 | D:12     | Reached skill level 9 in Shields
 11621 | D:12     | Killed an orc warlord
 11621 | D:12     | Reached skill level 9 in Fighting
 11621 | D:12     | Reached skill level 15 in Axes
 11653 | D:12     | Noticed an orc knight
 11659 | D:12     | Demolished by an orc knight

Skill      XL: |  1  2  3  4  5  6  7  8  9 10 11 |
---------------+----------------------------------+-----
Armour         | 2 4 6 8 |  8.5
Fighting       | 4 5 7 9 |  9.2
Dodging        | 2 4 6 7 |  7.7
Axes           | 1 3 4 6 8 9 12 13 14 15 | 15.0
Shields        | 3 4 5 7 9 |  9.2
Polearms       | |  2.4
Stealth        | |  1.5

Action                   |  1- 3 |  4- 6 |  7- 9 | 10-12 || total
-------------------------+-------+-------+-------+-------++-------
Melee: Dagger            |    41 |       |       |       ||    41
       Headbutt          |    14 |    28 |    91 |   113 ||   246
       Hand axe          |    39 |   163 |   464 |   405 ||  1071
       Broad axe         |       |       |       |     6 ||     6
Invok: Berserk           |       |       |     2 |    11 ||    13
       Trog's Hand       |       |       |       |     1 ||     1
Evoke: Lamp of fire      |       |       |       |     1 ||     1
  Use: Scroll            |     2 |     5 |       |     7 ||    14
 Stab: Sleeping          |       |     1 |       |       ||     1
  Eat: Chunk             |     3 |     5 |    14 |    17 ||    39
       Ration            |       |     1 |       |     2 ||     3
Armor: Robe              |     6 |       |       |       ||     6
       Ring mail         |     8 |     5 |       |       ||    13
       Chain mail        |       |    53 |   108 |    86 ||   247
Dodge: Dodged            |    44 |    61 |    94 |    91 ||   290
Block: Other             |    12 |    44 |     9 |       ||    65
       Buckler           |       |       |   158 |   142 ||   300
       Reflection        |       |       |     4 |     7 ||    11
